| TOP OF THE 1ST |
|
Norfolk Tides batting - Pitching for Round Rock Express : RHP Victor Nunez
|
|
Pitching: RHP Victor Nunez
|
|
|
Batting: SHB Marvin Garcia
|
0-0: Called Strike 0-1: Hit by Pitch
|
|
Batting: LHB Tyler Allen
|
0-0: Called Strike 0-1: Swinging Strike 0-2: Foul Ball, location: 2F 0-2: Ball 1-2: Ball 2-2: Strikes out looking
|
|
Batting: RHB Mike Hayward
|
0-0: Ball 1-0: Called Strike 1-1: Called Strike 1-2: Foul Ball, location: 2F 1-2: Foul Ball, location: 2F 1-2: Fly out, F7 (Flyball, 78XD, EV 96.2 MPH)
|
|
Batting: LHB Bob Melley
|
0-0: SINGLE (Groundball, 4MD, EV 111.9 MPH) Marvin Garcia to second Runner from 2nd tries for 3rd, SAFE, throw by CF made to third
|
|
Batting: SHB Ben Pierce
|
0-0: Ball 1-0: Foul Ball, location: 2F 1-1: Fly out, F9 (Flyball, 9LSF, EV 86.9 MPH)
|
| Top of the 1st over - 0 runs, 1 hit, 0 errors, 2 left on base; Norfolk 0 - Round Rock 0 |
| BOTTOM OF THE 1ST |
|
Round Rock Express batting - Pitching for Norfolk Tides : LHP Pat Dantzler
|
|
Pitching: LHP Pat Dantzler
|
|
|
Batting: SHB Lorenzo Meza
|
0-0: Called Strike 0-1: Ball 1-1: Called Strike 1-2: Fly out, F7 (Line Drive, 78M, EV 100.0 MPH)
|
|
Batting: SHB David Simpson
|
0-0: Ball 1-0: Reached on error, E5 (Groundball, 56, EV 103.8 MPH)
|
|
Batting: RHB Michel Martineau
|
0-0: Ball 1-0: Ball David Simpson steals 2nd base (no throw) 2-0: Called Strike 2-1: Ground out 1-3 (Groundball, 13S, EV 67.5 MPH) David Simpson to third
|
|
Batting: RHB Ernie Weathersbee
|
0-0: Called Strike 0-1: Fly out, F6 (Line Drive, 6MD, EV 71.9 MPH)
|
| Bottom of the 1st over - 0 runs, 0 hits, 1 error, 1 left on base; Norfolk 0 - Round Rock 0 |
| TOP OF THE 2ND |
|
Norfolk Tides batting - Pitching for Round Rock Express : RHP Victor Nunez
|
|
Batting: LHB Jose Chinchilla
|
0-0: Ball 1-0: SINGLE (Groundball, 6M, EV 105.6 MPH) (infield hit)
|
|
Batting: RHB Bobby Scholl
|
0-0: Called Strike 0-1: Swinging Strike 0-2: Grounds into double play, 5-4-3 (Groundball, 5, EV 85.6 MPH)
|
|
Batting: LHB Johan de Vries
|
0-0: Ball 1-0: Ball 2-0: Swinging Strike 2-1: Ball 3-1: Ground out 5-3 (Groundball, 56, EV 91.9 MPH)
|
| Top of the 2nd over - 0 runs, 1 hit, 0 errors, 0 left on base; Norfolk 0 - Round Rock 0 |
| BOTTOM OF THE 2ND |
|
Round Rock Express batting - Pitching for Norfolk Tides : LHP Pat Dantzler
|
|
Batting: RHB Bobby Keithley
|
0-0: Swinging Strike 0-1: Called Strike 0-2: Ball 1-2: Foul Ball, location: 2F 1-2: Ball 2-2: Foul Ball, location: 2F 2-2: Foul Ball, location: 2F 2-2: Foul Ball, location: 2F 2-2: Ball 3-2: Foul Ball, location: 2F 3-2: Ground out 4-3 (Groundball, 4, EV 103.1 MPH)
|
|
Batting: SHB Greg Prime
|
0-0: Called Strike 0-1: Foul Ball, location: 2F 0-2: Ball 1-2: Ball 2-2: Ball 3-2: Ground out 6-3 (Groundball, 6, EV 85.0 MPH)
|
|
Batting: RHB Ivan Colon
|
0-0: Called Strike 0-1: Ball 1-1: Called Strike 1-2: Fly out, F9 (Flyball, 89M, EV 89.4 MPH)
|
| Bottom of the 2nd over - 0 runs, 0 hits, 0 errors, 0 left on base; Norfolk 0 - Round Rock 0 |
| TOP OF THE 3RD |
|
Norfolk Tides batting - Pitching for Round Rock Express : RHP Victor Nunez
|
|
Batting: RHB John Gray
|
0-0: Ball 1-0: Called Strike 1-1: Called Strike 1-2: Foul Ball, location: 2F 1-2: Strikes out swinging
|
|
Batting: SHB Marvin Garcia
|
0-0: Ball 1-0: Called Strike 1-1: Foul Ball, location: 2F 1-2: Ball 2-2: Foul Ball, location: 2F 2-2: Foul Ball, location: 2F 2-2: Ground out 1-3 (Groundball, 15S, EV 71.2 MPH)
|
|
Batting: LHB Tyler Allen
|
0-0: Swinging Strike 0-1: Swinging Strike 0-2: Foul Ball, location: 2F 0-2: Strikes out swinging
|
| Top of the 3rd over - 0 runs, 0 hits, 0 errors, 0 left on base; Norfolk 0 - Round Rock 0 |
| BOTTOM OF THE 3RD |
|
Round Rock Express batting - Pitching for Norfolk Tides : LHP Pat Dantzler
|
|
Batting: RHB Dale Aubrey
|
0-0: Fly out, F9 (Flyball, 9D, EV 99.4 MPH)
|
|
Batting: RHB John Loving
|
0-0: Ball 1-0: Ball 2-0: Foul Ball, location: 2F 2-1: Swinging Strike 2-2: TRIPLE (Groundball, 5L, EV 107.5 MPH)
|
|
Batting: SHB Lorenzo Meza
|
0-0: Called Strike 0-1: Ball 1-1: Ball 2-1: Foul Ball, location: 2F 2-2: Foul Ball, location: 2F 2-2: Foul Ball, location: 2F 2-2: Ball 3-2: Foul Ball, location: 2F 3-2: Ground out 5-3 (Groundball, 56, EV 108.1 MPH) John Loving scores
|
|
Batting: SHB David Simpson
|
0-0: Ball 1-0: Called Strike 1-1: Foul Ball, location: 2F 1-2: Ball 2-2: Foul Ball, location: 2F 2-2: Foul Ball, location: 2F 2-2: Ball 3-2: SINGLE (Flyball, 89S, EV 88.8 MPH)
|
|
Batting: RHB Michel Martineau
|
0-0: Called Strike 0-1: Swinging Strike 0-2: Strikes out swinging
|
| Bottom of the 3rd over - 1 run, 2 hits, 0 errors, 1 left on base; Norfolk 0 - Round Rock 1 |
| TOP OF THE 4TH |
|
Norfolk Tides batting - Pitching for Round Rock Express : RHP Victor Nunez
|
|
Batting: RHB Mike Hayward
|
0-0: Swinging Strike 0-1: Foul Ball, location: 2F 0-2: Ball 1-2: Foul Ball, location: 2F 1-2: Foul Ball, location: 2F 1-2: Ball 2-2: Ball 3-2: Ground out U3 (Groundball, 34S, EV 91.9 MPH)
|
|
Batting: LHB Bob Melley
|
0-0: Ball 1-0: Swinging Strike 1-1: Ball 2-1: Swinging Strike 2-2: Foul Ball, location: 2F 2-2: Ground out U3 (Groundball, 34S, EV 91.2 MPH)
|
|
Batting: SHB Ben Pierce
|
0-0: Ball 1-0: Called Strike 1-1: Fly out, F7 (Flyball, 7LM, EV 93.1 MPH)
|
| Top of the 4th over - 0 runs, 0 hits, 0 errors, 0 left on base; Norfolk 0 - Round Rock 1 |
| BOTTOM OF THE 4TH |
|
Round Rock Express batting - Pitching for Norfolk Tides : LHP Pat Dantzler
|
|
Batting: RHB Ernie Weathersbee
|
0-0: Fly out, F9 (Line Drive, 9, EV 97.5 MPH)
|
|
Batting: RHB Bobby Keithley
|
0-0: Ball 1-0: Foul Ball, location: 2F 1-1: Swinging Strike 1-2: Strikes out swinging
|
|
Batting: SHB Greg Prime
|
0-0: Ball 1-0: Ball 2-0: Foul Ball, location: 2F 2-1: Ball 3-1: Base on Balls
|
|
Batting: RHB Ivan Colon
|
0-0: Ball 1-0: Foul Ball, location: 2F 1-1: Called Strike 1-2: Strikes out swinging
|
| Bottom of the 4th over - 0 runs, 0 hits, 0 errors, 1 left on base; Norfolk 0 - Round Rock 1 |
| TOP OF THE 5TH |
|
Norfolk Tides batting - Pitching for Round Rock Express : RHP Victor Nunez
|
|
Batting: LHB Jose Chinchilla
|
0-0: Ball 1-0: Called Strike 1-1: Ball 2-1: Ground out 4-3 (Groundball, 4S, EV 86.9 MPH)
|
|
Batting: RHB Bobby Scholl
|
0-0: Ball 1-0: Called Strike 1-1: Ball 2-1: Swinging Strike 2-2: Foul Ball, location: 2F 2-2: Foul Ball, location: 2F 2-2: Ground out U3 (Groundball, 34, EV 88.1 MPH)
|
|
Batting: LHB Johan de Vries
|
0-0: Ball 1-0: Called Strike 1-1: Called Strike 1-2: Ball 2-2: Fly out, F4 (Popup, 4MS, EV 59.4 MPH)
|
| Top of the 5th over - 0 runs, 0 hits, 0 errors, 0 left on base; Norfolk 0 - Round Rock 1 |
| BOTTOM OF THE 5TH |
|
Round Rock Express batting - Pitching for Norfolk Tides : LHP Pat Dantzler
|
|
Batting: RHB Dale Aubrey
|
0-0: Called Strike 0-1: Ball 1-1: Foul Ball, location: 2F 1-2: Ball 2-2: SINGLE (Line Drive, 7LS, EV 95.0 MPH)
|
|
Batting: RHB John Loving
|
0-0: SINGLE (Flyball, 4MD, EV 86.9 MPH) Dale Aubrey to second
|
|
Batting: SHB Lorenzo Meza
|
0-0: Fly out, F7 (Flyball, 7S, EV 96.9 MPH)
|
|
Batting: SHB David Simpson
|
0-0: Ball Dale Aubrey steals 3rd base John Loving to second 1-0: Ball 2-0: Ball 3-0: Called Strike 3-1: Fly out, F7 (Flyball, 7D, EV 101.2 MPH) Runner from 3rd tags up, OUT at HOME! 7-2
|
| Bottom of the 5th over - 0 runs, 2 hits, 0 errors, 1 left on base; Norfolk 0 - Round Rock 1 |
| TOP OF THE 6TH |
|
Norfolk Tides batting - Pitching for Round Rock Express : RHP Victor Nunez
|
|
Batting: RHB John Gray
|
0-0: Called Strike 0-1: Ball 1-1: Ball 2-1: Foul Ball, location: 2F 2-2: Ball 3-2: Foul Ball, location: 2F 3-2: Base on Balls
|
|
Batting: SHB Marvin Garcia
|
0-0: Ball 1-0: Swinging Strike 1-1: Swinging Strike 1-2: Ball 2-2: Ball John Gray steals 2nd base 3-2: Strikes out swinging
|
|
Batting: LHB Tyler Allen
|
0-0: Ball 1-0: Ball 2-0: Foul Ball, location: 2F 2-1: Swinging Strike 2-2: Strikes out swinging
|
|
Batting: RHB Mike Hayward
|
0-0: Ball 1-0: 2-RUN HOME RUN (Flyball, 9D, EV 97.5 MPH), Distance : 369 ft
|
|
Batting: LHB Bob Melley
|
0-0: Ball 1-0: Foul Ball, location: 2F 1-1: Foul Ball, location: 2F 1-2: Ground out 6-3 (Groundball, 6MD, EV 83.1 MPH)
|
| Top of the 6th over - 2 runs, 1 hit, 0 errors, 0 left on base; Norfolk 2 - Round Rock 1 |
| BOTTOM OF THE 6TH |
|
Round Rock Express batting - Pitching for Norfolk Tides : LHP Pat Dantzler
|
|
Batting: RHB Michel Martineau
|
0-0: Ball 1-0: Ball 2-0: Ball 3-0: Called Strike 3-1: Called Strike 3-2: Base on Balls
|
|
Batting: RHB Ernie Weathersbee
|
0-0: Ball 1-0: Foul Ball, location: 2F 1-1: Ball 2-1: Fly out, F9 (Flyball, 9, EV 85.6 MPH)
|
|
Pitching: RHP Corey Rizzuto
|
|
|
Batting: RHB Bobby Keithley
|
0-0: Swinging Strike 0-1: Ball Michel Martineau steals 2nd base 1-1: Foul Ball, location: 2F 1-2: SINGLE (Groundball, 6MD, EV 98.8 MPH) Michel Martineau to third
|
|
Batting: SHB Greg Prime
|
0-0: Ball Bobby Keithley steals 2nd base 1-0: Ball 2-0: Ball 3-0: Base on Balls
|
|
Batting: RHB Ivan Colon
|
0-0: Called Strike 0-1: Foul Ball, location: 2F 0-2: Strikes out swinging
|
|
Batting: RHB Dale Aubrey
|
0-0: Called Strike 0-1: Called Strike 0-2: Ball 1-2: Strikes out swinging
|
| Bottom of the 6th over - 0 runs, 1 hit, 0 errors, 3 left on base; Norfolk 2 - Round Rock 1 |
| TOP OF THE 7TH |
|
Norfolk Tides batting - Pitching for Round Rock Express : RHP Victor Nunez
|
|
Batting: SHB Ben Pierce
|
0-0: Ball 1-0: Ball 2-0: SOLO HOME RUN (Flyball, 89XD, EV 103.1 MPH), Distance : 391 ft
|
|
Batting: LHB Jose Chinchilla
|
0-0: Called Strike 0-1: Ball 1-1: Ball 2-1: Ball 3-1: Foul Ball, location: 2F 3-2: Foul Ball, location: 2F 3-2: Base on Balls
|
|
Batting: RHB Bobby Scholl
|
0-0: Sac Bunt to 3S - play at first, batter OUT! 3-1 Jose Chinchilla to second
|
|
Batting: LHB Johan de Vries
|
0-0: Intentional Walk
|
|
Batting: RHB John Gray
|
0-0: Foul Ball, location: 2F 0-1: Ball 1-1: Ball 2-1: Fly out, F8 (Flyball, 8LD, EV 90.6 MPH)
|
|
Pitching: RHP Aaron Munt
|
|
|
Batting: SHB Marvin Garcia
|
0-0: Ball 1-0: Ball 2-0: Foul Ball, location: 2F 2-1: Swinging Strike 2-2: Ball 3-2: Base on Balls Jose Chinchilla to third Johan de Vries to second
|
|
Batting: LHB Tyler Allen
|
0-0: Ground out U3 (Groundball, 3, EV 111.9 MPH)
|
| Top of the 7th over - 1 run, 1 hit, 0 errors, 3 left on base; Norfolk 3 - Round Rock 1 |
| BOTTOM OF THE 7TH |
|
Round Rock Express batting - Pitching for Norfolk Tides : RHP Corey Rizzuto
|
|
Batting: RHB John Loving
|
0-0: Ball 1-0: Ball 2-0: Called Strike 2-1: Foul Ball, location: 2F 2-2: Foul Ball, location: 2F 2-2: Strikes out swinging
|
|
Batting: SHB Lorenzo Meza
|
0-0: Ball 1-0: Called Strike 1-1: Foul Ball, location: 2F 1-2: Strikes out swinging
|
|
Batting: SHB David Simpson
|
0-0: Called Strike 0-1: Ball 1-1: Foul Ball, location: 2F 1-2: SINGLE (Groundball, 5S, EV 73.1 MPH) (infield hit)
|
|
Batting: RHB Michel Martineau
|
0-0: Ball 1-0: Ball David Simpson steals 2nd base 2-0: Foul Ball, location: 2F 2-1: Ground out 5-3 (Groundball, 56, EV 82.5 MPH)
|
| Bottom of the 7th over - 0 runs, 1 hit, 0 errors, 1 left on base; Norfolk 3 - Round Rock 1 |
| TOP OF THE 8TH |
|
Norfolk Tides batting - Pitching for Round Rock Express : RHP Aaron Munt
|
|
Batting: RHB Mike Hayward
|
0-0: Ball 1-0: Ball 2-0: Foul Ball, location: 2F 2-1: Ground out 5-3 (Groundball, 25, EV 85.6 MPH)
|
|
Batting: LHB Bob Melley
|
0-0: Foul Ball, location: 2F 0-1: Ball 1-1: Fly out, F9 (Flyball, 9D, EV 108.1 MPH)
|
|
Batting: SHB Ben Pierce
|
0-0: Ball 1-0: Ball 2-0: Called Strike 2-1: Ground out 4-3 (Groundball, 4, EV 82.5 MPH)
|
| Top of the 8th over - 0 runs, 0 hits, 0 errors, 0 left on base; Norfolk 3 - Round Rock 1 |
| BOTTOM OF THE 8TH |
|
Round Rock Express batting - Pitching for Norfolk Tides : RHP Corey Rizzuto
|
|
Pitching: RHP Andy Rondeau
|
|
|
Batting: RHB Ernie Weathersbee
|
0-0: Fly out, F9 (Line Drive, 89M, EV 98.1 MPH)
|
|
Pinch Hitting: LHB Manuel Arguello
|
0-0: Ball 1-0: Ground out 5-3 (Groundball, 56, EV 102.5 MPH)
|
|
Batting: SHB Greg Prime
|
0-0: Ball 1-0: Ball 2-0: Called Strike 2-1: Foul Ball, location: 2F 2-2: Foul Ball, location: 2F 2-2: Ball 3-2: Foul Ball, location: 2F 3-2: Base on Balls
|
|
Batting: RHB Ivan Colon
|
0-0: Called Strike 0-1: Ball 1-1: Ball 2-1: Ball 3-1: Foul Ball, location: 2F 3-2: Base on Balls Greg Prime to second
|
|
Batting: RHB Dale Aubrey
|
0-0: Fly out, F9 (Flyball, 9S, EV 90.0 MPH)
|
| Bottom of the 8th over - 0 runs, 0 hits, 0 errors, 2 left on base; Norfolk 3 - Round Rock 1 |
| TOP OF THE 9TH |
|
Norfolk Tides batting - Pitching for Round Rock Express : RHP Aaron Munt
|
|
Pitching: RHP Kurt Vitta
|
|
|
Now at 2B: John Loving
|
|
|
Now at SS: Carlos Lopez
|
|
|
Batting: LHB Jose Chinchilla
|
0-0: Foul Ball, location: 2F 0-1: Ball 1-1: Foul Ball, location: 2F 1-2: Ball 2-2: Ball 3-2: Strikes out looking
|
|
Batting: RHB Bobby Scholl
|
0-0: Ball 1-0: Called Strike 1-1: Ball 2-1: Foul Ball, location: 2F 2-2: Strikes out swinging
|
|
Batting: LHB Johan de Vries
|
0-0: Called Strike 0-1: Ball 1-1: Swinging Strike 1-2: Ball 2-2: Fly out, F8 (Flyball, 8LXD, EV 100.0 MPH)
|
| Top of the 9th over - 0 runs, 0 hits, 0 errors, 0 left on base; Norfolk 3 - Round Rock 1 |
| BOTTOM OF THE 9TH |
|
Round Rock Express batting - Pitching for Norfolk Tides : RHP Andy Rondeau
|
|
Pitching: RHP Aaron Schneider
|
|
|
Batting: RHB John Loving
|
0-0: Foul Ball, location: 2F 0-1: Foul Ball, location: 2F 0-2: Ball 1-2: SINGLE (Groundball, 6MD, EV 110.0 MPH)
|
|
Batting: SHB Lorenzo Meza
|
0-0: Called Strike 0-1: Foul Ball, location: 2F 0-2: SINGLE (Groundball, 34D, EV 108.8 MPH) John Loving to second
|
|
Batting: SHB David Simpson
|
0-0: Ball 1-0: Bunted foul 1-1: Ball 2-1: Ball 3-1: Bunt - Flyout to 3S! F3
|
|
Batting: RHB Michel Martineau
|
0-0: Called Strike 0-1: Foul Ball, location: 2F 0-2: Foul Ball, location: 2F 0-2: Foul Ball, location: 2F 0-2: Fly out, F8 (Flyball, 8LXD, EV 106.9 MPH) Runner from 2nd tags up, SAFE at 3rd, no throw by CF
|
|
Batting: RHB Ernie Weathersbee
|
0-0: Ball 1-0: Ball 2-0: Ground out 4-3 (Groundball, 4, EV 89.4 MPH)
|
| Bottom of the 9th over - 0 runs, 2 hits, 0 errors, 2 left on base; Norfolk 3 - Round Rock 1 |
|